 Dungeon Crawl Stone Soup version 0.28-a0-1518-gbe868bca14 (webtiles) character file.

Game seed: 8804352388258627259

758 hashsling the Thaumaturge (level 7, 0/36 HPs)
             Began as a Deep Elf Hedge Wizard on Jan 16, 2022.
             Was a Follower of Makhleb.
             Succumbed to a kobold brigand's poison
             ... on level 6 of the Dungeon.
             The game lasted 00:33:12 (8214 turns).

hashsling the Thaumaturge (Deep Elf Hedge Wizard)   Turns: 8214, Time: 00:33:13

Health: 0/36       AC:  5    Str:  7    XL:     7   Next: 50%
Magic:  12/21      EV: 13    Int: 21    God:    Makhleb [*.....]
Gold:   220        SH:  0    Dex: 14    Spells: 10/24 levels left

rFire   . . .      SeeInvis .   C - +0 trident (venom)
rCold   . . .      Faith    .   (no shield)
rNeg    + . .      Spirit   .   b - +0 robe
rPois   +          Reflect  .   y - +0 helmet
rElec   .          Harm     .   k - +0 cloak {rPois}
rCorr   .          Rampage  .   g - +0 pair of gloves
Will    .....                   (no boots)
Stlth   +++.......              (no amulet)
HPRegen 0.12/turn               s - ring of positive energy
MPRegen 0.17/turn               (no ring)

@: brilliant, lethally poisoned (0 -> -2), on blink cooldown
A: no striking features
a: Renounce Religion


You were on level 6 of the Dungeon.
You worshipped Makhleb.
Makhleb was aware of your devotion.
You visited 2 branches of the dungeon, and saw 7 of its levels.
You also visited: Sewer.

You collected 220 gold pieces.

Inventory:

Hand Weapons
 C - a +0 trident of venom (weapon)
 D - a +4 quarterstaff of chaos
Missiles
 j - a throwing net
 l - 3 poisoned darts
Armour
 b - a +0 robe (worn)
 g - a +0 pair of gloves (worn)
 k - a +0 cloak of poison resistance (worn)
 y - a +0 helmet (worn)
Jewellery
 s - a ring of positive energy (left hand)
Wands
 c - a wand of mindburst (5)
Scrolls
 e - 2 scrolls of holy word
 f - 2 scrolls of amnesia
 h - a scroll of fog {unknown}
 i - 3 scrolls of teleportation
 n - a scroll of brand weapon {unknown}
 o - 2 scrolls of blinking
 t - 2 scrolls of enchant weapon
 u - a scroll of vulnerability {unknown}
 x - 2 scrolls of immolation
 z - a scroll of fear {unknown}
Potions
 a - 3 potions of cancellation
 m - a potion of flight {unknown}
 p - a potion of brilliance
 q - a potion of lignification {unknown}
 v - 2 potions of resistance
 w - a potion of degeneration {unknown}
 A - 2 potions of might
 B - a potion of attraction {unknown}


   Skills:
 - Level 3.0 Dodging
 - Level 4.0 Stealth
 * Level 9.0 Spellcasting
 + Level 4.7 Conjurations
 - Level 2.0 Summonings
 - Level 1.0 Necromancy
 - Level 2.0 Translocations


You had 10 spell levels left.
You knew the following spells:

 Your Spells              Type           Power      Damage    Failure   Level
a - Magic Dart            Conj           100%       1d8       1%          1
b - Blink                 Tloc           52%        N/A       4%          2
c - Call Imp              Summ           26%        N/A       4%          2
d - Slow                  Hex            56%        N/A       7%          1
e - Mephitic Cloud        Conj/Pois/Air  24%        N/A       11%         3
f - Conjure Flame         Conj/Fire      29%        6-21      9%          3
g - Summon Small Mammal   Summ           100%       N/A       3%          1
h - Animate Skeleton      Necr           40%        N/A       4%          1

Your spell library contained the following spells:

 Spells                   Type           Power      Damage    Failure   Level
 Apportation              Tloc           52%        N/A       3%          1
 Sting                    Tmut/Pois      56%        1d5       7%          1
 Poisonous Vapours        Pois/Air       28%        N/A       11%         2
 Portal Projectile        Hex/Tloc       40%        N/A       14%         3
 Olgreb's Toxic Radiance  Pois           14%        N/A       56%         4
 Excruciating Wounds      Necr           10%        N/A       78%         5
 Blade Hands              Tmut           7%         N/A       89%         5
 Conjure Ball Lightning   Conj/Air       14%        3x3d6     99%         6
 Discord                  Hex            7%         N/A       100%        8
 Disjunction              Tloc           13%        N/A       100%        8


Dungeon Overview and Level Annotations

Branches:
Dungeon (6/15)             Temple (1/1) D:4           Sewer (visited)

Altars:
Ashenzari
Dithmenos
Hepliaklqana
Kikubaaqudgha
Makhleb
Nemelex Xobeh
Okawaru
Qazlal
Ru
Trog
Wu Jian
Xom
Yredelemnul
Zin
The Shining One

Shops:
D:2 :   D:5 (

Annotations:
D:6 Edmund, Sigmund


Message History

The kobold brigand throws a poisoned dart.
The poisoned dart completely misses you.
Your white imp gestures at the kobold brigand.
You hear a sizzling sound!
The kobold throws a stone.
The stone barely misses you.
Casting: Magic Dart (safe; 1% risk of failure)
Confirm with . or Enter, or press ? or * to list all spells.
You feel a surge of power!
You feel sick.
Your white imp misses the kobold brigand.
The kobold hits your bat but does no damage.
Casting: Summon Small Mammal (safe; 3% risk of failure)
Confirm with . or Enter, or press ? or * to list all spells.
Okay, then.
You hit the kobold brigand.
The kobold brigand is heavily wounded.
You feel sick.
Your bat barely misses the kobold brigand.
Your bat hits the kobold brigand but does no damage.
Your bat closely misses the kobold brigand.
The kobold brigand hits you with a +0 short sword.
* * * LOW HITPOINT WARNING * * *
Your white imp misses the kobold brigand.
The kobold closely misses your bat.
Casting: Summon Small Mammal (safe; 3% risk of failure)
Confirm with . or Enter, or press ? or * to list all spells.
You feel a surge of power!
You blink.
A kobold comes into view. It is wielding a +0 short sword.
You feel sick.
Your bat hits the kobold brigand but does no damage.
Your bat hits the kobold.
Your bat hits the kobold but does no damage.
The kobold brigand hits you with a +0 short sword.
* * * LOW HITPOINT WARNING * * *
The kobold barely misses your bat.
Your white imp hits the kobold brigand.
Your white imp freezes the kobold brigand.
Okay, then.
You hit the kobold brigand.
You kill the kobold brigand!
Makhleb accepts your kill.
You die...

####..#<##........
#.....#.# #...... .
#.###.#.###........
# #...##....# ..#
##.###....##..# #.
###.###........# #.
#.....#......#.#
#.###§###......#...#
#.#@)5# ###....#..##
#.#b### #.........
#.#K#######..K...##.
#..KK.....#.....##
#........K......##
#.....K.........§###
#..........###5#...#
#.).......## #.###..
#.....(...####.##...


You could see 3 kobolds, a friendly white imp (summoned) and a friendly bat
(summoned).

Vanquished Creatures
  A kobold brigand (D:6)
  A jelly (Sewer)
  Crazy Yiuf (D:5)
  2 orc priests (D:6)
  A hound (D:4)
  4 orc wizards
  5 adders
  2 river rats
  A white imp (D:5)
  A worm (D:2)
  2 dart slugs
  9 orcs
  6 bats
  12 endoplasms
  5 giant cockroaches
  A goblin (D:1)
  8 hobgoblins
  4 jackals
  A kobold (D:3)
  3 quokkas
  8 ball pythons
  8 frilled lizards
  9 rats
95 creatures vanquished.

Vanquished Creatures (collateral kills)
  An ogre (D:6)
  A centaur zombie (D:5)
  A jelly (Sewer)
  A hound (D:4)
  An orc priest (D:6)
  An iguana (D:6)
  2 orc wizards
  An adder (D:3)
  2 river rats (D:5)
  A worm (D:2)
  A dart slug (D:4)
  6 orcs
  An endoplasm (D:2)
  7 jackals
  A kobold (D:2)
28 creatures vanquished.

Vanquished Creatures (others)
  3 plants (D:5)
3 creatures vanquished.

Grand Total: 126 creatures vanquished

Notes
Turn   | Place    | Note
-------+----------+-------------------------------------------
     0 | D:1      | hashsling the Deep Elf Hedge Wizard began the quest for the
                  | Orb.
     0 | D:1      | Reached XP level 1. HP: 10/10 MP: 7/7
   538 | D:1      | Reached XP level 2. HP: 15/15 MP: 6/9
   541 | D:1      | Learned a level 2 spell: Blink
   544 | D:1      | Learned a level 2 spell: Call Imp
   606 | D:1      | Learned a level 1 spell: Slow
  1264 | D:1      | Found a faded altar of an unknown god.
  1548 | D:2      | Found Loxos's Book Shoppe.
  1556 | D:2      | Reached XP level 3. HP: 19/19 MP: 2/11
  1560 | D:2      | Learned a level 3 spell: Mephitic Cloud
  2997 | D:3      | Reached skill level 5 in Spellcasting
  2997 | D:3      | Reached XP level 4. HP: 15/24 MP: 7/13
  3370 | D:3      | Learned a level 3 spell: Conjure Flame
  4015 | D:4      | Learned a level 1 spell: Summon Small Mammal
  4017 | D:4      | Learned a level 1 spell: Animate Skeleton
  4037 | D:4      | Found a staircase to the Ecumenical Temple.
  4089 | Temple   | Entered the Ecumenical Temple
  4337 | D:4      | Reached XP level 5. HP: 28/28 MP: 3/15
  4695 | D:4      | Found a shimmering altar of Xom.
  4988 | D:4      | Found a burning altar of Makhleb.
  5001 | D:4      | Reached skill level 6 in Spellcasting
  5001 | D:4      | Reached skill level 1 in Necromancy
  5202 | D:4      | Became a worshipper of Makhleb the Destroyer
  5237 | D:5      | Entered Level 5 of the Dungeon
  5337 | D:5      | Found Nebraan's Weapon Boutique.
  5389 | D:5      | Found a glowing drain.
  5396 | D:5      | HP: 1/28 [river rat (9)]
  5419 | Sewer    | Entered a sewer
  5706 | Sewer    | Reached XP level 6. HP: 30/32 MP: 0/17
  6048 | Sewer    | Found a viscous altar of Jiyva.
  6086 | Sewer    | Reached * piety under Makhleb
  6111 | Sewer    | Reached skill level 7 in Spellcasting
  6436 | D:5      | Noticed a yak
  7125 | D:5      | Found a runed translucent door.
  7126 | D:5      | Noticed Crazy Yiuf
  7148 | D:5      | Killed Crazy Yiuf
  7464 | D:6      | Noticed Edmund
  7655 | D:6      | Reached skill level 8 in Spellcasting
  7655 | D:6      | Reached XP level 7. HP: 36/36 MP: 10/20
  7658 | D:6      | Found an iron altar of Okawaru.
  7999 | D:6      | Noticed Sigmund
  8134 | D:6      | Reached skill level 9 in Spellcasting
  8213 | D:6      | HP: 1/36 [kobold brigand (4)]
  8214 | D:6      | Succumbed to a kobold brigand's poison

Illustrated notes

Levels and vault maps discovered:
D:1:      dpeg_arrival_solitude, layout_basic, basic_ecumenical_altar
D:2:      layout_loops_ring, serial_shops, nicolae_lakefront_shop
D:3:      layout_basic
D:4:      layout_basic, makhleb_blood_cavern_becter,
          mainiacjoe_overflow_brackets, minmay_temple_entry_drinking_statues
D:5:      layout_loops_ring, portal_sewer_entry_e, serial_shops,
          kennysheep_mini_moat, serial_bayou_pond_a, lightli_corner_chamber,
          uniq_crazy_yiuf_cottage
D:6:      layout_rooms, amcnicky_altar_gilded, okawaru_trees_2,
          mainiacjoe_overflow_alcove_1, uniq_edmund, uniq_sigmund
Temple:   hc_temple_tempest_star

Skill      XL: |  1  2  3  4  5  6  7 |
---------------+----------------------+-----
Stealth        | 3 4 |  4.0
Dodging        | 3 |  3.0
Conjurations   | 2 3 4 |  4.7
Spellcasting   | 5 6 8 9 |  9.0
Summonings     | 2 |  2.0
Translocations | 2 |  2.0
Necromancy     | 1 |  1.0

Action                   |  1- 3 |  4- 6 |  7- 9 || total
-------------------------+-------+-------+-------++-------
Melee: Dagger            |     8 |       |       ||     8
       Short sword       |     2 |    22 |       ||    24
       Trident           |       |     4 |    26 ||    30
 Cast: Magic Dart        |   125 |   138 |    25 ||   288
       Call Imp          |     7 |    26 |     6 ||    39
       Blink             |     1 |     7 |     2 ||    10
       Summon Small Mamm |       |    10 |     7 ||    17
       Conjure Flame     |       |     1 |     1 ||     2
  Use: Potion            |       |     2 |     2 ||     4
       Scroll            |       |     9 |       ||     9
 Stab: Sleeping          |     1 |     1 |       ||     2
Armor: Robe              |     3 |    16 |    11 ||    30
Dodge: Dodged            |    16 |    45 |    13 ||    74

Table legend: (Time is in decaauts)
 A = Elapsed time spent in this place.
 B = Non-inter-level travel time spent in this place.
 C = Inter-level travel time spent in this place.
 D = Time resting spent in this place.
 E = Time spent auto-exploring this place.
 F = Levels seen in this place.
 G = Mean time per level.
                   A        B        C        D        E       F      G
               +--------+--------+--------+--------+--------+-----+--------+
         Total |   8267 |   7790 |    477 |    209 |   6387 |   8 | 1033.4 |
       Dungeon |   7243 |   6766 |    477 |      0 |   5715 |   6 | 1207.2 |
        Temple |    210 |    210 |      0 |      0 |    178 |   1 |  210.0 |
         Sewer |    813 |    813 |      0 |    209 |    493 |   1 |  813.0 |
               +--------+--------+--------+--------+--------+-----+--------+

Top non-repeatable levels by time:
     D:1: 1508 daAuts
     D:5: 1401 daAuts
     D:4: 1271 daAuts
     D:2: 1252 daAuts
     D:3: 1211 daAuts
   Sewer: 813 daAuts
     D:6: 600 daAuts
  Temple: 210 daAuts
